 Dungeon Crawl Stone Soup version 0.29-a0-275-g389c0b56f3 (webtiles) character file.

Game seed: 16535941153156946764

70 PaleWalker the Bolt Thrower (level 4, -5/28 HPs)
             Began as a Kobold Hunter on Mar 11, 2022.
             Was a Believer of Zin.
             Killed by nerve-wracking pain
             ... invoked by Grinder
              (12 damage)
             ... on level 3 of the Dungeon.
             The game lasted 00:06:25 (2319 turns).

PaleWalker the Bolt Thrower (Kobold Hunter)         Turns: 2319, Time: 00:06:26

Health: -5/28      AC:  4    Str:  9    XL:     4   Next: 45%
Magic:  4/4        EV: 14    Int: 12    God:    Zin [**....]
Gold:   103        SH:  0    Dex: 17    Spells: 3/3 levels left

rFire   . . .      SeeInvis .   a - +1 hand crossbow
rCold   . . .      Faith    .   (no shield)
rNeg    . . .      Spirit   .   b - +0 leather armour
rPois   .          Reflect  .   (no helmet)
rElec   .          Harm     .   (no cloak)
rCorr   .          Rampage  .   (no gloves)
Will    .....                   l - +0 pair of boots
Stlth   +++.......              (no amulet)
HPRegen 0.09/turn               (no ring)
MPRegen 0.09/turn               (no ring)

@: no status effects
A: small, no large weapons, nightstalker 3
a: Renounce Religion, Recite, Vitalisation, Donate Gold


You were on level 3 of the Dungeon.
You worshipped Zin.
Zin was pleased with you.
You visited 1 branch of the dungeon, and saw 3 of its levels.

You collected 114 gold pieces.
You donated 11 gold pieces to Zin.

Inventory:

Hand Weapons
 a - a +1 hand crossbow (weapon)
Armour
 b - a +0 leather armour (worn)
 i - a +2 buckler
 l - a +0 pair of boots (worn)
Wands
 m - a wand of flame (13)
Scrolls
 c - a scroll of immolation
 d - 3 scrolls of acquirement {unknown}
 f - 2 scrolls of identify {unknown}
 g - 3 scrolls of amnesia {unknown}
 h - a scroll of fog {unknown}
 k - a scroll of blinking {unknown}
 n - a scroll of summoning {unknown}
Potions
 e - a potion of degeneration {unknown}
 j - a potion of flight {unknown}
 o - a potion of resistance {unknown}


   Skills:
 + Level 3.2 Fighting
 * Level 6.8 Crossbows
 - Level 2.4 Dodging
 - Level 1.3 Stealth


You had 3 spell levels left.
You didn't know any spells.
Your spell library contained the following spells:

 Spells                   Type           Power      Damage    Failure   Level
 Sandblast                Erth           0%         2d4       43%         1
 Passwall                 Tmut/Erth      0%         N/A       56%         2
 Stone Arrow              Conj/Erth      0%         3d7       80%         3


Dungeon Overview and Level Annotations

Branches:
Dungeon (3/15)

Altars:
Zin

Shops:
D:3 *

Annotations:
D:3 Grinder


Innate Abilities, Weirdness & Mutations

You are small and have problems with some larger weapons.
You are completely attuned to the shadows.


Message History

Grinder gestures at you. You resist with significant effort.
Shoot: a) +1 hand crossbow
Press: ? - help, Q - select action, (/) - cycle Shift-Dir - straight line, f/p - Grinder
Aim: Grinder (severely wounded, 63% to hit)
You shoot a bolt. The bolt hits Grinder.
Grinder is severely wounded.
Grinder blinks!
Grinder shouts!
Shoot: a) +1 hand crossbow
Press: ? - help, Q - select action, (/) - cycle Shift-Dir - straight line, f/p - Grinder
Aim: Grinder (severely wounded, 63% to hit)
You shoot a bolt. The bolt hits Grinder.
Grinder is almost dead.
Grinder gestures at you. Pain shoots through your body!
* * * LOW HITPOINT WARNING * * *
Shoot: a) +1 hand crossbow
Press: ? - help, Q - select action, (/) - cycle Shift-Dir - straight line, f/p - Grinder
Aim: Grinder (almost dead, 63% to hit)
You shoot a bolt. The bolt closely misses Grinder.
Grinder blinks!
Grinder gestures at you. You resist with significant effort.
Shoot: a) +1 hand crossbow
Press: ? - help, Q - select action, (/) - cycle Shift-Dir - straight line, f/p - Grinder
Aim: Grinder (almost dead, 63% to hit)
You shoot a bolt. The bolt closely misses Grinder.
Grinder gestures at you. Pain shoots through your body!
Zin protects you from harm!
Shoot: a) +1 hand crossbow
Press: ? - help, Q - select action, (/) - cycle Shift-Dir - straight line, f/p - Grinder
Aim: Grinder (almost dead, 63% to hit)
You shoot a bolt.
The bolt hits Grinder but does no damage.
Grinder is almost dead.
Grinder gestures at you. Pain shoots through your body!
You die...

#......#........#
####.###..†.....#
#)...........# #............#
#.# ..............# #.#
#.####.......### # #.#
#.........†..## #
.###.###########........# #
§...........@.##......#.## #
.####.#######5##......#..####
#..... #.##......##.#...
#..### #.##...... #..... #..#
#.#...... ##.... #..#
#.#.##### #.... #†#.# #....
#.#.# ##... #.#.# #...


You could see Grinder.

Vanquished Creatures
  2 adders (D:2)
  A worm (D:2)
  A dart slug (D:2)
  9 bats
  7 endoplasms
  2 giant cockroaches (D:1)
  3 goblins
  5 hobgoblins
  A quokka (D:1)
  3 ball pythons
  2 frilled lizards
  3 kobolds (D:1)
  4 rats
43 creatures vanquished.

Notes
Turn   | Place    | Note
-------+----------+-------------------------------------------
     0 | D:1      | PaleWalker the Kobold Hunter began the quest for the Orb.
     0 | D:1      | Reached XP level 1. HP: 12/12 MP: 1/1
   331 | D:1      | Reached XP level 2. HP: 18/18 MP: 2/2
   545 | D:1      | Found a faded altar of an unknown god.
   550 | D:1      | Prayed at the altar of an unknown god.
   550 | D:1      | Became a worshipper of Zin the Law-Giver
   550 | D:1      | Reached * piety under Zin
   836 | D:1      | Reached skill level 6 in Crossbows
   861 | D:1      | Reached XP level 3. HP: 20/22 MP: 3/3
  1593 | D:2      | Reached ** piety under Zin
  1678 | D:2      | Reached XP level 4. HP: 28/28 MP: 4/4
  2217 | D:3      | Found Viosmiw's Assorted Antiques.
  2284 | D:3      | Noticed Grinder
  2290 | D:3      | Paralysed by Grinder for 3 turns
  2318 | D:3      | Zin protects you from harm!
  2319 | D:3      | Killed from afar by Grinder

Illustrated notes

Levels and vault maps discovered:
D:1:      lemuel_arrival_cross, layout_basic, dreamdust_ecumenical_altar_statues
D:2:      layout_basic, hangedman_glass_teeth
D:3:      layout_basic, serial_shops, shop, uniq_grinder

Skill      XL: |  1  2  3 |
---------------+----------+-----
Crossbows      | 6 |  6.8
Fighting       | 3 |  3.2
Dodging        | |  2.4
Stealth        | |  1.3

Action                   |  1- 3 |  4- 6 || total
-------------------------+-------+-------++-------
 Fire: Hand crossbow     |    75 |    37 ||   112
Evoke: Wand              |       |     2 ||     2
Armor: Leather armour    |     8 |       ||     8
Dodge: Dodged            |    12 |     8 ||    20

Table legend: (Time is in decaauts)
 A = Elapsed time spent in this place.
 B = Non-inter-level travel time spent in this place.
 C = Inter-level travel time spent in this place.
 D = Time resting spent in this place.
 E = Time spent auto-exploring this place.
 F = Levels seen in this place.
 G = Mean time per level.
                   A        B        C        D        E       F      G
               +--------+--------+--------+--------+--------+-----+--------+
         Total |   2343 |   2288 |     55 |      0 |   1981 |   3 |  781.0 |
       Dungeon |   2343 |   2288 |     55 |      0 |   1981 |   3 |  781.0 |
               +--------+--------+--------+--------+--------+-----+--------+

Top non-repeatable levels by time:
     D:1: 1264 daAuts
     D:2: 758 daAuts
     D:3: 321 daAuts
